 Dungeon Crawl Stone Soup version 0.30-a0-578-gdee14c521f (webtiles) character file.

Game seed: 14883738661777075950

1 cforsyth the Ruffian (level 1, -2/19 HPs)
             Began as a Ghoul Monk on Dec 31, 2022.
             Slain by a kobold
             ... wielding a +1 dagger of venom
              (5 damage)
             ... on level 1 of the Dungeon.
             The game lasted 00:00:09 (36 turns).

cforsyth the Ruffian (Ghoul Monk)                     Turns: 36, Time: 00:00:10

Health: -2/19      AC:  2    Str: 14    XL:     1   Next: 20%
Magic:  0/0        EV: 12    Int:  5    God:
Gold:   0          SH:  0    Dex: 11    Spells: 0/0 levels left

rFire   . . .      SeeInvis .      - Unarmed
rCold   + . .      Faith    .    (no shield)
rNeg    + + +      Spirit   .    a - +0 robe
rPois   ∞          Reflect  .    (no helmet)
rElec   .          Harm     .    (no cloak)
rCorr   .          Rampage  .    (no gloves)
Will    .....                    (no boots)
Stlth   ++                       (no amulet)
HPRegen 0.00/turn                (no ring)
MPRegen 0.07/turn                (no ring)

@: inhibited regen
A: claws 1, cold resistance 1, negative energy resistance 3, inhibited
regeneration, torment resistance 2, devour on kill
a: no special abilities


You were on level 1 of the Dungeon.
You visited 1 branch of the dungeon, and saw 1 of its levels.

Inventory:

Armour
 a - a +0 robe (worn)
Potions
 b - a potion of ambrosia


   Skills:
 + Level 3.3 Fighting
 - Level 2.6 Dodging
 - Level 2.1 Stealth
 + Level 3.3 Unarmed Combat


You couldn't memorise any spells.
You didn't know any spells.
Your spell library was empty.

Dungeon Overview and Level Annotations

Branches:
Dungeon (1/15)

Altars:


Innate Abilities, Weirdness & Mutations

You are immune to poison.
You have sharp fingernails.
Your flesh is cold resistant. (rC+)
You are immune to negative energy. (rN+++)
You do not regenerate when monsters are visible.
You are immune to unholy pain and torment.
You thrive by killing the living.


Message History

You are too injured to fight recklessly!
You are too injured to fight recklessly!
You are too injured to fight recklessly!
You are too injured to fight recklessly!
You are too injured to fight recklessly!
You are too injured to fight recklessly!
The kobold hits you with a +1 dagger of venom.
The quokka attacks as you move away! The quokka closely misses you.
The kobold attacks as you move away! The kobold closely misses you.
The quokka attacks as you move away! The quokka barely misses you.
The kobold misses you.
There is a stone staircase leading down here.
The kobold attacks as you move away! The kobold closely misses you.
The quokka misses you.
You barely miss the quokka.
The quokka is moderately wounded.
The quokka bites you.
You scratch the quokka.
You kill the quokka!
You closely miss the kobold. The kobold misses you.
You scratch the kobold but do no damage.
The kobold hits you with a +1 dagger of venom.
* * * LOW HITPOINT WARNING * * *
You scratch the kobold but do no damage.
The kobold hits you but does no damage.
You scratch the kobold.
The kobold is heavily wounded.
The kobold hits you but does no damage.
You scratch the kobold.
The kobold is severely wounded.
The kobold hits you with a +1 dagger of venom.
* * * LOW HITPOINT WARNING * * *
You barely miss the kobold.
The kobold is severely wounded.
The kobold hits you with a +1 dagger of venom.
* * * LOW HITPOINT WARNING * * *
You barely miss the kobold.
The kobold is severely wounded.
The kobold hits you with a +1 dagger of venom.
You die... ....<..............# PPPPPPPPPPPP.#.....#

##############...(.#
.....##.....#
####........#.#
..............#
........#>###.#
..$.....#K# .#
....[...#@#
........#.#
........#.#
..$.....+.#
........###


You could see a kobold.

Vanquished Creatures
  A quokka (D:1)
1 creature vanquished.

Notes
Turn   | Place    | Note
-------+----------+-------------------------------------------
     0 | D:1      | cforsyth the Ghoul Monk began the quest for the Orb.
     0 | D:1      | Reached XP level 1. HP: 19/19 MP: 0/0
    36 | D:1      | Slain by a kobold

Illustrated notes

Levels and vault maps discovered:
D:1:      eino_arrival_tree_alley, layout_basic

Action                   || total
-------------------------++-------
Melee: Unarmed           ||    15
Armor: Robe              ||     4
Dodge: Dodged            ||    13

Table legend: (Time is in decaauts)
 A = Elapsed time spent in this place.
 B = Non-inter-level travel time spent in this place.
 C = Inter-level travel time spent in this place.
 D = Time resting spent in this place.
 E = Time spent auto-exploring this place.
 F = Levels seen in this place.
 G = Mean time per level.
                   A        B        C        D        E       F      G
               +--------+--------+--------+--------+--------+-----+--------+
         Total |     35 |     35 |      0 |      0 |     10 |   1 |   35.0 |
       Dungeon |     35 |     35 |      0 |      0 |     10 |   1 |   35.0 |
               +--------+--------+--------+--------+--------+-----+--------+

Top non-repeatable levels by time:
     D:1: 35 daAuts
